 Dungeon Crawl Stone Soup version 0.9.0-15-g1b13fe2 character file.

1072 Tammuz the Ducker (level 7, -6/45 (48) HPs)
             Began as a Merfolk Transmuter on Aug 24, 2011.
             Mangled by Pikel
             ... wielding a +0,+1 whip of electrocution
              (19 damage)
             ... on Level 6 of the Dungeon on Aug 26, 2011.
             The game lasted 01:08:52 (6795 turns).

Tammuz the Ducker (Merfolk Transmuter)              Turns: 6795, Time: 01:08:52

HP  -6/45 (48)   AC  2     Str 10      XL: 7   Next: 89%
MP   7/15        EV 26     Int 14      God:
Gold 267         SH  0     Dex 20      Spells:  3 memorised, 10 levels left

Res.Fire  : . . .   See Invis. : .     - Unarmed
Res.Cold  : . . .   Warding    : . . D - melded +1 robe
Life Prot.: . . .   Conserve   : .   (shield currently unavailable)
Res.Acid. : . . .   Res.Corr.  : .   (helmet currently unavailable)
Res.Poison: .       Clarity    : .   C - melded +0 cloak
Res.Elec. : .       Spirit.Shd : .   (gloves currently unavailable)
Sust.Abil.: . .     Stasis     : .   (boots currently unavailable)
Res.Mut.  : .       Ctrl.Telep.: .   (no amulet)
Res.Rott. : .       Levitation : .   (no ring)
Saprovore : . . .   Ctrl.Flight: .   (no ring)

@: spider-form (expires), very slightly glowing, quick, slightly resistant to
hostile enchantments, fairly stealthy
A: change form in water
a: End Transformation


You were on level 6 of the Dungeon.
You were near starving.
You were in spider-form.
You visited 1 branch of the dungeon, and saw 6 of its levels.

You collected 247 gold pieces.

Inventory:

Hand weapons
 v - a +0,+2 dagger of speed
 w - a +3,+2 sabre of speed
Missiles
 b - 12 +0 arrows
 o - 77 +0 stones (quivered)
 r - 13 +0 darts of frost
 u - 2 +0 throwing nets
 E - 5 +0 needles of paralysis
Armour
 C - a +0 cloak (melded)
 D - a +1 robe (melded)
Magical devices
 c - a wand of flame (7)
Comestibles
 a - 2 bread rations
 g - a choko
 l - an apricot
 m - 2 meat rations
Scrolls
 i - 3 scrolls of detect curse {unknown}
 p - 7 scrolls of remove curse
 q - a scroll of random uselessness
 s - a scroll of teleportation {unknown}
 t - a scroll of vulnerability {unknown}
 B - 4 scrolls of identify
 F - 2 scrolls of blinking {unknown}
 G - a scroll of curse weapon {unknown}
 I - 2 scrolls of recharging {unknown}
Jewellery
 n - an uncursed amulet of stasis {unknown}
 x - a +2 ring of intelligence {unknown}
 H - a +2 ring of evasion {unknown}
Potions
 e - 9 potions of confusion
 f - 7 potions of poison
 h - a potion of brilliance {unknown}
 j - a potion of paralysis {unknown}
 k - a potion of speed {unknown}
 z - a potion of restore abilities {unknown}
 A - a potion of invisibility {unknown}
 J - a potion of might {unknown}
 K - a potion of cure mutation {unknown}
 L - a potion of degeneration
Books
 d - a book of Changes

   Spells                             Type                      Level
   *Fulsome Distillation              Transmutation/Necromancy     1
   Sticks to Snakes                   Transmutation                2
   *Evaporate                         Fire/Transmutation           2
   *Spider Form                       Transmutation/Poison         3
   Ice Form                           Ice/Transmutation            4
   Blade Hands                        Transmutation                5
 y - a book of Burglary

   Spells                             Type                      Level
   Apportation                        Translocation                1
   Swiftness                          Charms/Air                   2
   Passwall                           Transmutation/Earth          3
   Control Teleport                   Charms/Translocation         4
   Lee's Rapid Deconstruction         Earth                        5
   Passage of Golubria                Translocation                4
   Darkness                           Hexes                        7


   Skills:
 + Level 1 Fighting
 - Level 1 Throwing
 - Level 6 Dodging
 - Level 1 Stealth
 - Level 1 Stabbing
 - Level 1 Traps & Doors
 + Level 3 Unarmed Combat
 + Level 5 Spellcasting
 - Level 1 Necromancy
 - Level 5 Transmutations
 - Level 1 Fire Magic
 - Level 1 Poison Magic


You had 10 spell levels left.
You knew the following spells:

 Your Spells              Type           Power        Success   Level  Hunger
a - Fulsome Distillation Trmt/Necr N/A            Very         Good        1    None
b - Evaporate             Fire/Trmt      ###.......   Good        2    Strawberry
c - Spider Form           Pois/Trmt      ###.......   Fair        3    Choko

Dungeon Overview and Level Annotations

Branches:
Dungeon (6/27)                Orc (0/4) D:6
 Temple: D:4-7

Altars:
Elyvilon


Message History

The slave shouts, "What's happening?!"
The slave seems less confused.
Casting: Evaporate
Confirm with . or Enter, or press ? or * to list all spells.
Throw which potion? (? for menu, Esc to quit)
Where do you want to aim your 9 potions of confusion?
Aiming: Evaporate
Press: ? - help, Shift-Dir - straight line, f/p - slave
Aim: A slave wearing an animal skin (lightly wounded, bewildered and confused)
You miscast Evaporate.
Your skin glows momentarily.
The slave asks, "Where am I?"
The slave seems less confused.
The slave closely misses you. The slave completely misses you.
Pikel seems to regain his courage.
Pikel closely misses you.
You hit Pikel.
Pikel is moderately wounded.
Pikel hits you with a whip of electrocution.
* * * LOW HITPOINT WARNING * * *
You are electrocuted!
You die...

.........>...###.
............# ##
...5.......## #
.....#(.....## ##
@ยง..###......###.
...## #......#..
(.## ##........
...## ##K........
(...###@s@.......
.....#....@......
......@..........
...##...(..#.....
..##)...#^..#....
#..#<..#..###....
##.##<#.#..#..#..
...###<.#.#.#####
#.## ###..### #


You could see Pikel and 4 slaves.

Vanquished Creatures
  A necrophage (D:6)
  2 ogres
  3 imps
  A hound (D:5)
  3 orc priests (D:3)
  3 worker ants
  An iguana (D:5)
  An orc wizard (D:3)
  3 snakes
  2 worms
  3 giant geckos (D:2)
  13 orcs
  12 bats
  14 hobgoblins
  14 jackals
  2 quokkas
  2 small snakes
  7 giant cockroaches
  3 giant newts
  13 goblins
  A hobgoblin skeleton (D:6)
  12 kobolds
  An orc skeleton (D:3)
  8 rats
  A toadstool (D:3)
126 creatures vanquished.

Vanquished Creatures (collateral kills)
  An imp (D:6)
  A giant gecko (D:3)
  2 orcs (D:3)
  2 jackals (D:4)
  A rat (D:2)
7 creatures vanquished.

Vanquished Creatures (others)
  An orc (D:3)
  A goblin (D:5)
  A hobgoblin (D:3)
  2 kobolds
  2 toadstools (D:6)
7 creatures vanquished.

Grand Total: 140 creatures vanquished

Notes
Turn   | Place    | Note
--------------------------------------------------------------
     0 | D:1      | Tammuz, the Merfolk Transmuter, began the quest for the Orb.
     0 | D:1      | Reached XP level 1. HP: 15/15 MP: 1/1
   337 | D:1      | Reached XP level 2. HP: 14/21 MP: 3/3
   543 | D:1      | Learned a level 1 spell: Fulsome Distillation
   546 | D:1      | Learned a level 2 spell: Evaporate
  1019 | D:1      | Reached skill level 4 in Dodging
  1382 | D:2      | Reached skill level 1 in Stealth
  1389 | D:2      | Reached XP level 3. HP: 14/26 MP: 4/4
  1557 | D:2      | Learned a level 3 spell: Spider Form
  2515 | D:3      | Reached XP level 4. HP: 28/32 MP: 7/7
  2704 | D:3      | Reached skill level 1 in Stabbing
  2704 | D:3      | Reached XP level 5. HP: 21/37 MP: 6/10
  3664 | D:3      | Reached skill level 1 in Necromancy
  3671 | D:3      | Reached XP level 6. HP: 43/43 MP: 6/12
  3967 | D:4      | Reached skill level 1 in Throwing
  3967 | D:4      | Reached skill level 5 in Dodging
  3967 | D:4      | Reached skill level 1 in Fire Magic
  4188 | D:4      | Found a white marble altar of Elyvilon.
  4878 | D:5      | Entered Level 5 of the Dungeon
  5199 | D:5      | Reached skill level 1 in Poison Magic
  5238 | D:5      | Reached skill level 1 in Traps & Doors
  5238 | D:5      | Reached XP level 7. HP: 42/48 MP: 4/14
  5293 | D:5      | Reached skill level 5 in Spellcasting
  5791 | D:5      | Reached skill level 6 in Dodging
  6197 | D:6      | Reached skill level 5 in Transmutations
  6245 | D:6      | Found a staircase to the Orcish Mines.
  6745 | D:6      | Noticed Pikel
  6795 | D:6      | Mangled by Pikel
